Cool Beans, chaotic female human Wizard ------- ---------- |.....| |........| ......| |......<.| |.....| #.........| |.....| #|......... |......###`######--------.- ---.---########### ### ## # # ## --|-- |...| --------+--- |.*h@### ............| |...| .......| |...| | ----- Cool Beans the Conjurer Experience level: 3 Strength: 10 Dexterity: 16 Constitution: 14 Intelligence: 18 Wisdom: 10 Charisma: 9 Health: 0(27) Energy: 27(27) Def: 0 Gold: 195 Moves: 1567 Dungeon seed: kOFwHMc7_d3WiBrh Game ID: Cool Beans_1518105375 Your Inventory: Coins $ - 195 gold pieces Weapons a - a blessed +1 quarterstaff (weapon in hands) N - 8 uncursed +0 crossbow bolts Armor e - an uncursed +0 cloak of magic resistance (being worn) n - a cursed -2 pair of levitation boots (being worn) Comestibles H - an uncursed lichen corpse O - an uncursed egg Spellbooks d - a blessed spellbook of magic missile f - a blessed spellbook of clairvoyance g - a blessed spellbook of knock I - an uncursed spellbook of cure sickness Potions L - an uncursed potion of restore ability Rings m - an uncursed ring of warning K - an uncursed ring of shock immunity Wands b - an uncursed wand of striking (0:8) Tools h - an uncursed blindfold o - an uncursed oil lamp (0:1202) M - an uncursed bell Gems q - 2 uncursed worthless pieces of green glass r - 2 uncursed worthless pieces of yellow glass y - 5 uncursed rocks Spells and supernatural/magical abilities: Spell marked with ':' is quivered. Name Level Category Fail Memory a - force bolt 1 : attack 0% 98% H - speed monster 3 escape 66% 100% K - cure sickness 3 healing 66% 100% W - pray for help -- divine ? -- Your skills at the end: Fighting Skills wands [Basic] Weapon Skills quarterstaff [Basic] Spellcasting Skills attack spells [Basic] enchantment spells [Basic] Final Attributes: You were magic resistant. You were levitating. You last prayed 586 turns ago. You are dead. Vanquished creatures: an iguana an acid blob a large kobold 2 giant rats 2 yellow molds a green mold 3 jackals 2 foxes a goblin a sewer rat 5 grid bugs a bat 4 lichens 5 newts 30 creatures vanquished. Voluntary challenges: You used a wielded weapon 13 times, starting on turn 141. You read items or engraved 21 times, starting on turn 1. You never genocided any monsters. You never polymorphed an object. You never changed form. You used no wishes. You never split a pudding. You never wrote Elbereth's name. You never violated your personal moral code. Dungeon overview: The Dungeons of Doom: levels 1 to 4 Level 1 a fountain a long staircase Level 2 (Book Store) a scroll shop, an altar to Anhur, a fountain Level 3 an altar to Anhur Level 4 <- You were here History has recorded: On T:1 you entered the Dungeons of Doom to retrieve the Amulet of Yendor! On T:305 you reached level 2 of The Dungeons of Doom. On T:716 you reached level 3 of The Dungeons of Doom. On T:869 you advanced to experience level 2. On T:1378 you advanced to experience level 3. On T:1510 you reached level 4 of The Dungeons of Doom. Score breakdown: Gold: 195 ( 7797 points) Experience: 3 levels ( 7878 points) Exploration: 4 levels ( 7.84%) ( 7348 points) Discoveries: 8 items ( 2.69%) ( 4923 points) Valuables value: (no points given unless you survive) Artifact value: 0 ( 0 points) Variety of kills: 14 monsters ( 3.68%) ( 5758 points) Turncount: 1567 turns ( 0 points) Survival: died (score multiplied by 80%) Total score: 26963 Latest messages: You hear some noises in the distance. The door opens. You hit the iguana. The iguana bites! The housecat bites the hobbit. The hobbit misses the housecat. You miss the iguana. The housecat misses the hobbit. You hit the iguana! The iguana bites! The housecat misses the hobbit. The hobbit misses the housecat. The housecat misses the hobbit. (2x) The hobbit misses the housecat. You displace your housecat. The hobbit hits! You hit the hobbit. The hobbit hits! (4x) You hear some noises nearby. The hobbit hits! (2x) You die... Final status: Goodbye Cool Beans the Wizard, killed by a hobbit... You died in The Dungeons of Doom on dungeon level 4 with 26963 points, and 195 pieces of gold, after 1567 moves. You were level 3 with a maximum of 27 hit points when you died.